[Event "Titled Tuesday Blitz February 15 Early 2022"]
[White "Howell, David W L"]
[Black "Popadic, Dragan"]
[WhiteFideId "410608"]
[BlackFideId "913650"]
[WhiteElo "2559"]
[BlackElo "2199"]
[Result "1-0"]
[Round "09"]
[TimeControl "180+1"]
[Date "2022.02.15"]
[WhiteClock "0:00:22"]
[BlackClock "0:00:03"]

1. e4 c5 2. Nf3 Nc6 3. Nc3 e5 4. Bc4 Be7 5. d3 Nf6 6. Bg5 d6 7. Nd2 O-O 8. Nf1 Be6 9. Ne3 a6 10. Bxf6 Bxf6 11. a4 g6 12. O-O Bg7 13. Ne2 Nd4 14. c3 Nxe2+ 15. Qxe2 Kh8 16. a5 Rb8 17. Rfd1 Qe7 18. Nd5 Qd8 19. Nb6 Qe7 20. Nd5 Qd8 21. Nb6 Qe7 22. Rab1 Rbd8 23. b4 cxb4 24. Rxb4 Qg5 25. Bd5 Qe7 26. Rdb1 Rb8 27. Qa2 Bc8 28. Nxc8 Rfxc8 29. Rxb7 Rxb7 30. Rxb7 Qg5 31. Qc2 f5 32. c4 fxe4 33. dxe4 Qd8 34. Rb6 Qc7 35. g3 Rf8 36. Kg2 Qc5 37. Rxa6 Bh6 38. Qe2 Bc1 39. h4 Ba3 40. h5 gxh5 41. Rc6 Qxa5 42. Qxh5 Qd2 43. Bf7 Bc5 44. Rxc5 dxc5 45. Qxe5# 1-0


[Site "https://www.chess.com"]

[Event "Titled Tuesday Blitz February 15 Early 2022"]
[White "Ianov, Viktor"]
[Black "Rostovtsev, Dmitry"]
[WhiteFideId "14102730"]
[BlackFideId "34278320"]
[WhiteElo "2215"]
[BlackElo "2218"]
[Result "1-0"]
[Round "09"]
[TimeControl "180+1"]
[Date "2022.02.15"]
[WhiteClock "0:01:40"]
[BlackClock "0:00:28"]

1. Nf3 Nf6 2. g3 g6 3. b3 Bg7 4. Bb2 O-O 5. Bg2 c5 6. c4 Nc6 7. d4 cxd4 8. Nxd4 Qc7 9. O-O d6 10. Nc3 a6 11. Rc1 Qd8 12. Nc2 Ne8 13. Qd2 Nc7 14. Rfd1 Ne6 15. Ne3 Ned4 16. Ned5 e6 17. Nf4 e5 18. Nfd5 Bg4 19. h3 Be6 20. e3 Nf5 21. Ne4 Kh8 22. Kh2 Bxd5 23. Qxd5 Nb4 24. Qd2 a5 25. a3 Na6 26. Nxd6 Nc5 27. Nxf7+ Rxf7 28. Qxd8+ Rxd8 29. Rxd8+ Rf8 30. Rxf8+ Bxf8 31. Bxe5+ Bg7 32. Bxg7+ Kxg7 33. b4 axb4 34. axb4 Nd3 35. Rc2 b6 36. b5 Kf6 37. Be4 Nc5 38. Bxf5 gxf5 39. Rd2 Ke6 40. Rd5 Ne4 41. Kg2 Nd6 42. Rd4 Ke5 43. Rh4 Ke6 44. Kf3 Nxc4 45. Rxc4 1-0


[Site "https://www.chess.com"]

[Event "Titled Tuesday Blitz February 15 Early 2022"]
[White "Iljin, Timofey"]
[Black "Tsyhanchuk, Stanislav"]
[WhiteFideId "14110180"]
[BlackFideId "13505130"]
[WhiteElo "2396"]
[BlackElo "2078"]
[Result "0-1"]
[Round "09"]
[TimeControl "180+1"]
[Date "2022.02.15"]
[WhiteClock "0:00:14"]
[BlackClock "0:00:12"]

1. e4 c5 2. c3 Nf6 3. e5 Nd5 4. d4 cxd4 5. cxd4 d6 6. Nf3 Nc6 7. Bc4 Nb6 8. Bxf7+ Kxf7 9. e6+ Kg8 10. d5 Ne5 11. Nxe5 dxe5 12. Nc3 g6 13. O-O Bg7 14. Be3 Nc4 15. Bc5 b6 16. Be3 Bb7 17. Rc1 Rc8 18. Qe2 Nxe3 19. fxe3 Bf6 20. e4 Kg7 21. Qg4 h5 22. Qg3 Ba6 23. Rf2 b5 24. Rcf1 b4 25. Ne2 Rc2 26. Nc1 Qc7 27. Rxc2 Qxc2 28. Re1 Qxb2 29. Nb3 Qc3 30. Re3 Qc4 31. h4 Qf1+ 32. Kh2 Qf4 33. Nc5 Bxh4 34. Qxf4 exf4 35. Rb3 Bg3+ 36. Kg1 Rc8 37. Rb1 Rxc5 38. Rd1 Be2 39. Rb1 Kf6 40. Kh1 Bd3 41. Kg1 Bxe4 42. Rd1 Bxd5 43. Kh1 Bxe6 44. Kg1 Rc2 45. a3 Bd5 46. Rb1 Rxg2+ 47. Kf1 Rh2 48. Rxb4 Bf3 49. Rxf4+ Bxf4 50. Kg1 Bg3 51. a4 Rh1# 0-1


[Site "https://www.chess.com"]

[Event "Titled Tuesday Blitz February 15 Early 2022"]
[White "Indjic, Aleksandar"]
[Black "Janaszak, Dawid"]
[WhiteFideId "911925"]
[BlackFideId "1119206"]
[WhiteElo "2616"]
[BlackElo "2199"]
[Result "1-0"]
[Round "09"]
[TimeControl "180+1"]
[Date "2022.02.15"]
[WhiteClock "0:00:20"]
[BlackClock "0:00:04"]

1. e4 c5 2. Nc3 Nc6 3. Bb5 Nd4 4. Nf3 e6 5. Bd3 Nc6 6. O-O g5 7. b3 g4 8. Ne1 h5 9. Bb2 Bg7 10. Na4 Bxb2 11. Nxb2 Nge7 12. f4 d5 13. c3 Qc7 14. Qe2 Bd7 15. e5 O-O-O 16. Na4 b6 17. Nb2 Rdf8 18. Nc2 f6 19. Ba6+ Kb8 20. d4 fxe5 21. fxe5 Nf5 22. Qd2 h4 23. Rf4 cxd4 24. cxd4 g3 25. h3 Bc8 26. Bb5 Bb7 27. Bxc6 Qxc6 28. Rc1 Rc8 29. Rff1 Qc3 30. Rfd1 Qxd2 31. Rxd2 Rc7 32. Re1 Rhc8 33. Na3 Ba6 34. Rdd1 Rc2 35. Nxc2 Rxc2 36. Nd3 Nxd4 37. Nf4 Nf5 38. Nxe6 d4 39. Nf4 Bb7 40. e6 Ne7 41. Rxd4 Rxa2 42. Rd7 Nf5 43. e7 1-0


[Site "https://www.chess.com"]

[Event "Titled Tuesday Blitz February 15 Early 2022"]
[White "Iskusnyh, Sergei"]
[Black "Nguyen Hong Nhung"]
[WhiteFideId "4120027"]
[BlackFideId "12412201"]
[WhiteElo "2492"]
[BlackElo "1661"]
[Result "1-0"]
[Round "09"]
[TimeControl "180+1"]
[Date "2022.02.15"]
[WhiteClock "0:00:23"]
[BlackClock "0:01:39"]

1. d4 f5 2. c4 Nf6 3. Nf3 g6 4. e3 Bg7 5. Be2 O-O 6. O-O d6 7. Nc3 Qe8 8. b4 e5 9. dxe5 dxe5 10. Bb2 e4 11. Nd4 Nbd7 12. Ncb5 Qe5 13. Qb3 Kh8 14. Nc2 Qe7 15. Nxc7 Nc5 16. bxc5 Qxc7 17. Bd4 Be6 18. Rab1 Rab8 19. Qc3 Ne8 20. Bxg7+ Nxg7 21. Nd4 Bf7 22. Qa3 Rfc8 23. Qxa7 Ra8 24. Qxb7 Rxa2 25. Qxc7 Rxc7 26. Rb8+ Ne8 27. g4 Rxc5 28. Rfb1 Kg7 29. R1b7 Nd6 30. Ne6+ Kf6 31. Nxc5 Nxb7 32. Rxb7 Rxe2 33. g5+ Kxg5 34. Rxf7 Rc2 35. Ne6+ Kg4 36. c5 Kh3 37. Rxh7+ Kg4 38. h3+ Kf3 39. Nd4# 1-0


[Site "https://www.chess.com"]

[Event "Titled Tuesday Blitz February 15 Early 2022"]
[White "Jain Kashish Manoj"]
[Black "Dew, Brian"]
[WhiteFideId "35081098"]
[BlackFideId "6000495"]
[WhiteElo "1681"]
[BlackElo "2118"]
[Result "1-0"]
[Round "09"]
[TimeControl "180+1"]
[Date "2022.02.15"]
[WhiteClock "0:00:05"]
[BlackClock "0:00:01"]

1. e4 e5 2. Nf3 Nc6 3. Bb5 Nge7 4. O-O g6 5. c3 Bg7 6. d4 exd4 7. cxd4 O-O 8. Nc3 a6 9. Ba4 d6 10. h3 b5 11. Bb3 Na5 12. Bc2 Bb7 13. Bf4 f5 14. Ng5 Qd7 15. d5 fxe4 16. Ne6 Rf7 17. Nxg7 Rxf4 18. Ne6 Rf7 19. Ng5 Rf5 20. Ngxe4 b4 21. Ne2 Nxd5 22. N2g3 Rff8 23. Qd2 c5 24. Rad1 Nc4 25. Qg5 Ne5 26. Bb3 c4 27. Bxc4 Nxc4 28. Rxd5 Bxd5 29. Qxd5+ Qf7 30. Qd4 Ne5 31. Nxd6 Qg7 32. Qd5+ Kh8 33. Nge4 Rad8 34. Rd1 Nf7 35. Nxf7+ Qxf7 36. Qe5+ 1-0


[Site "https://www.chess.com"]

[Event "Titled Tuesday Blitz February 15 Early 2022"]
[White "Jakubowska, Anna"]
[Black "Shton, Roman"]
[WhiteFideId "1121952"]
[BlackFideId "14137461"]
[WhiteElo "1924"]
[BlackElo "2038"]
[Result "0-1"]
[Round "09"]
[TimeControl "180+1"]
[Date "2022.02.15"]
[WhiteClock "0:00:17"]
[BlackClock "0:00:13"]

1. e4 Nf6 2. e5 Nd5 3. d4 d6 4. c4 Nb6 5. exd6 cxd6 6. Be3 g6 7. Nc3 Bg7 8. Rc1 O-O 9. b3 Bf5 10. Be2 d5 11. c5 Nc8 12. Bf3 e5 13. dxe5 Nc6 14. Bxd5 Nxe5 15. Nge2 Nd3+ 16. Kf1 Nxc1 17. Qxc1 Bd3 18. Bxb7 Rb8 19. c6 Qa5 20. Bd2 Re8 21. Kg1 Bxe2 22. Nxe2 Qxa2 23. Nc3 Qxb3 24. g3 Nb6 25. Kg2 Nc4 26. Nb1 Rxb7 27. cxb7 Qxb7+ 28. Kh3 Re5 29. Qxc4 Rh5+ 30. Kg4 Qxh1 31. Qc8+ Bf8 32. Nc3 Qa1 33. Be3 Qa5 34. Kf3 Qf5+ 35. Ke2 Qxc8 0-1


[Site "https://www.chess.com"]

[Event "Titled Tuesday Blitz February 15 Early 2022"]
[White "Jakubowski, Krzysztof"]
[Black "Gelman, Alexander"]
[WhiteFideId "1112848"]
[BlackFideId "4118316"]
[WhiteElo "2365"]
[BlackElo "2375"]
[Result "1-0"]
[Round "09"]
[TimeControl "180+1"]
[Date "2022.02.15"]
[WhiteClock "0:00:26"]
[BlackClock "0:00:03"]

1. e4 c5 2. Nf3 e6 3. d4 cxd4 4. Nxd4 a6 5. Nc3 d6 6. Bd3 Nf6 7. a4 b6 8. O-O Bb7 9. Qe1 Nbd7 10. f4 h5 11. Rf3 Qc7 12. Kh1 Be7 13. Be3 g6 14. Bf2 Ng4 15. Bg1 Nc5 16. Qe2 Rc8 17. Raf1 Bf6 18. Rh3 Bg7 19. Nf3 Qe7 20. Ng5 O-O 21. Rg3 Bxc3 22. bxc3 Nxa4 23. c4 e5 24. Nh3 Nc5 25. f5 Qh4 26. Be3 Nxe3 27. Qxe3 Kg7 28. f6+ Kh7 29. Ng5+ Kg8 30. Rh3 Qg4 31. Be2 Qd7 32. Bxh5 Nxe4 33. Nxe4 Rxc4 34. Bf3 Qf5 35. Rh8+ Kxh8 36. Qh6+ 1-0


[Site "https://www.chess.com"]

[Event "Titled Tuesday Blitz February 15 Early 2022"]
[White "Johnson, Ben"]
[Black "Krstulovic, Alex"]
[WhiteFideId "2010917"]
[BlackFideId "760056"]
[WhiteElo "2214"]
[BlackElo "2193"]
[Result "0-1"]
[Round "09"]
[TimeControl "180+1"]
[Date "2022.02.15"]
[WhiteClock "0:00:03"]
[BlackClock "0:01:02"]

1. Nf3 d5 2. e3 Nf6 3. c4 e6 4. b3 b6 5. cxd5 exd5 6. Nc3 a6 7. Bb2 Bd6 8. Be2 Bb7 9. O-O O-O 10. Qc2 Nbd7 11. Rac1 c5 12. d4 Rc8 13. Qf5 cxd4 14. Nxd4 Ne5 15. f4 Ng6 16. Bf3 Nh4 17. Qh3 Ng6 18. Nf5 Re8 19. Rfd1 Bc5 20. Rd3 Nxf4 21. Qg3 Ng6 22. Rcd1 Qd7 23. Bg4 Nxg4 24. Qxg4 Qe6 25. h4 d4 26. exd4 Bf8 27. h5 Ne7 28. Nxe7+ Qxe7 29. Qg3 Rcd8 30. d5 Qc5+ 31. Kh2 Bd6 0-1


[Site "https://www.chess.com"]

[Event "Titled Tuesday Blitz February 15 Early 2022"]
[White "Joubert, Dantelle"]
[Black "Piliczewski, Bogusz"]
[WhiteFideId "14310813"]
[BlackFideId "1104144"]
[WhiteElo "1507"]
[BlackElo "1896"]
[Result "0-1"]
[Round "09"]
[TimeControl "180+1"]
[Date "2022.02.15"]
[WhiteClock "0:00:08"]
[BlackClock "0:01:27"]

1. Nf3 d5 2. c4 c6 3. d4 Nf6 4. cxd5 cxd5 5. Nc3 Nc6 6. Bf4 a6 7. e3 Bf5 8. Bd3 Bxd3 9. Qxd3 e6 10. O-O Bd6 11. Bg3 O-O 12. Rac1 Rc8 13. Ne5 Nh5 14. Nxc6 Rxc6 15. Bxd6 Qxd6 16. Na4 f5 17. Rc3 Nf6 18. f3 Rfc8 19. Rfc1 Nd7 20. b3 b5 21. Nb2 Rxc3 22. Rxc3 Rc6 23. Qc2 Nb8 24. Nd3 Rxc3 25. Qxc3 Qc6 26. Qxc6 Nxc6 27. Nc5 Nb4 28. a3 Nc2 29. a4 Nxe3 30. Nxa6 bxa4 31. bxa4 Nc2 32. Nc5 Nxd4 33. a5 Nc6 34. a6 Kf7 0-1


[Site "https://www.chess.com"]

[Event "Titled Tuesday Blitz February 15 Early 2022"]
[White "Jumabayev, Rinat"]
[Black "Hakobyan, Aram"]
[WhiteFideId "13702661"]
[BlackFideId "13306677"]
[WhiteElo "2561"]
[BlackElo "2557"]
[Result "1-0"]
[Round "09"]
[TimeControl "180+1"]
[Date "2022.02.15"]
[WhiteClock "0:01:27"]
[BlackClock "0:00:32"]

1. e4 c6 2. Nf3 d5 3. d3 g6 4. Be2 Bg7 5. O-O Bg4 6. Nbd2 Nd7 7. exd5 cxd5 8. d4 Bxf3 9. Nxf3 e6 10. c3 Ne7 11. Bf4 O-O 12. a4 Nc6 13. h3 Re8 14. Re1 Rc8 15. Bf1 Qb6 16. Rb1 Nf6 17. Bd3 a6 18. Bg5 h6 19. Bf4 Kh7 20. Qd2 Na5 21. Ne5 Nc4 22. Bxc4 dxc4 23. Nxf7 g5 24. Bh2 Re7 25. Ne5 Qb3 26. f4 gxf4 27. Bxf4 Nd5 28. Bg3 Rf8 29. Rf1 Ree8 30. Qe2 Qxa4 31. Nxc4 Qb5 32. Qe4+ Kh8 33. Nd6 Qd7 34. Nxe8 Rxe8 35. Be5 Rg8 36. Rf3 Bxe5 37. Qxe5+ Qg7 38. Qxg7+ Rxg7 39. Rbf1 b5 40. Rf8+ Kh7 41. R1f7 Ne3 42. Rxg7+ Kxg7 43. Ra8 Nd1 44. Rxa6 Nxb2 45. Rxe6 Na4 46. Rc6 Kf7 47. g4 Ke7 48. h4 Kd7 49. d5 1-0


[Site "https://www.chess.com"]

[Event "Titled Tuesday Blitz February 15 Early 2022"]
[White "Kamsky, Gata"]
[Black "Paravyan, David"]
[WhiteFideId "2000024"]
[BlackFideId "4194985"]
[WhiteElo "2645"]
[BlackElo "2569"]
[Result "1/2-1/2"]
[Round "09"]
[TimeControl "180+1"]
[Date "2022.02.15"]
[WhiteClock "0:00:28"]
[BlackClock "0:00:02"]

1. d4 Nf6 2. Nf3 g6 3. c3 Bg7 4. Bg5 h6 5. Bxf6 exf6 6. e4 O-O 7. Bd3 d5 8. O-O dxe4 9. Bxe4 Re8 10. Nbd2 Nd7 11. Re1 f5 12. Bc2 Rxe1+ 13. Qxe1 Nf6 14. Bb3 Nd5 15. Ne5 c6 16. Ndf3 Qf6 17. c4 Nf4 18. d5 g5 19. Qd2 cxd5 20. cxd5 Qd6 21. Re1 Bd7 22. Nxd7 Qxd7 23. d6 Rd8 24. Re7 Qb5 25. d7 Kh7 26. Rxf7 Ne2+ 27. Kh1 Nf4 28. Qd1 Nd3 29. Qc2 Rxd7 30. a4 Qb6 31. Rxd7 Nxf2+ 32. Kg1 Ng4+ 33. Kh1 Nf2+ 34. Kg1 Ng4+ 35. Kh1 Nf2+ 1/2-1/2


[Site "https://www.chess.com"]

[Event "Titled Tuesday Blitz February 15 Early 2022"]
[White "Karabalis, Harilos"]
[Black "Bures, Vit"]
[WhiteFideId "4621808"]
[BlackFideId "309052"]
[WhiteElo "2168"]
[BlackElo "2118"]
[Result "1-0"]
[Round "09"]
[TimeControl "180+1"]
[Date "2022.02.15"]
[WhiteClock "0:00:20"]
[BlackClock "0:00:02"]

1. e4 e5 2. Nf3 Nc6 3. Bb5 a6 4. Ba4 Nf6 5. O-O Be7 6. d3 b5 7. Bb3 d6 8. c3 O-O 9. h3 Na5 10. Bc2 c5 11. d4 cxd4 12. cxd4 Nc6 13. Re1 Nb4 14. Bb3 Qc7 15. Nc3 Bb7 16. d5 a5 17. Nxb5 Qb6 18. Nc3 Rfc8 19. Be3 Qa6 20. Qd2 Nd3 21. Red1 Nc5 22. Bc2 a4 23. Rac1 a3 24. b3 Qa5 25. Bb1 h6 26. Ne1 Ba6 27. f3 Rab8 28. Nd3 Nxd3 29. Bxd3 Bxd3 30. Qxd3 Qb4 31. Nb1 Nd7 32. Qd2 Qxd2 33. Bxd2 Nc5 34. Be3 Na6 35. Nxa3 Nb4 36. Rxc8+ Rxc8 37. Ra1 Bg5 38. Bxg5 hxg5 39. Nc4 Nc2 40. Rc1 Nd4 41. Rb1 Ra8 42. a3 Rb8 43. b4 1-0


[Site "https://www.chess.com"]

[Event "Titled Tuesday Blitz February 15 Early 2022"]
[White "Kejzar, Petra"]
[Black "Altucher, James"]
[WhiteFideId "14610213"]
[BlackFideId "30987458"]
[WhiteElo "2006"]
[BlackElo "2170"]
[Result "1-0"]
[Round "09"]
[TimeControl "180+1"]
[Date "2022.02.15"]
[WhiteClock "0:00:12"]
[BlackClock "0:00:19"]

1. e4 g6 2. d4 d6 3. Nf3 Bg7 4. Be3 a6 5. Nc3 b5 6. Bd3 Bb7 7. Qd2 Nd7 8. g4 c5 9. h4 c4 10. Be2 b4 11. Nd5 Bxd5 12. exd5 Ngf6 13. Bxc4 Nxg4 14. h5 Nxe3 15. fxe3 Qc7 16. Bb3 a5 17. a4 O-O 18. O-O-O Nb6 19. hxg6 fxg6 20. Ng5 Nc4 21. Qh2 h6 22. Ne6 Qc8 23. Nxg7 Nxe3 24. Qxh6 Rf6 25. Rde1 Ng4 26. Qh7+ Kf7 27. Ne6+ Ke8 28. Qg7 Kd7 29. Nc5+ dxc5 30. Qxe7# 1-0


[Site "https://www.chess.com"]

[Event "Titled Tuesday Blitz February 15 Early 2022"]
[White "Kett, Tim"]
[Black "Dilmukhametov, Artur"]
[WhiteFideId "1801210"]
[BlackFideId "24179922"]
[WhiteElo "2098"]
[BlackElo "2266"]
[Result "0-1"]
[Round "09"]
[TimeControl "180+1"]
[Date "2022.02.15"]
[WhiteClock "0:02:17"]
[BlackClock "0:02:21"]

1. e4 e6 2. d4 d5 3. e5 c5 4. c3 Qb6 5. Qg4 Nc6 6. Nf3 Nh6 7. Bxh6 Qxb2 8. Be3 Qxa1 9. Bd3 Qxa2 10. Kf1 c4 0-1


[Site "https://www.chess.com"]

[Event "Titled Tuesday Blitz February 15 Early 2022"]
[White "Kezin, Roman"]
[Black "Sadovsky, Artem"]
[WhiteFideId "24124621"]
[BlackFideId "4155840"]
[WhiteElo "2509"]
[BlackElo "2369"]
[Result "1-0"]
[Round "09"]
[TimeControl "180+1"]
[Date "2022.02.15"]
[WhiteClock "0:02:15"]
[BlackClock "0:00:04"]

1. b3 e5 2. Bb2 d6 3. e3 Nf6 4. c4 Be7 5. g3 O-O 6. Bg2 Re8 7. Ne2 h5 8. h3 Bf5 9. O-O Qc8 10. Kh2 c6 11. Nbc3 Bd3 12. f4 e4 13. Rf2 d5 14. Nc1 dxc4 15. bxc4 Bxc4 16. Nxe4 Nbd7 17. Ng5 Nf8 18. e4 Bc5 19. d4 Rd8 20. e5 N6h7 21. Ne4 Bxd4 22. Bxd4 1-0


[Site "https://www.chess.com"]

[Event "Titled Tuesday Blitz February 15 Early 2022"]
[White "Klyashtorny, Vladislav"]
[Black "Kurbonboeva, Sarvinoz"]
[WhiteFideId "4170938"]
[BlackFideId "14201780"]
[WhiteElo "2373"]
[BlackElo "2054"]
[Result "1-0"]
[Round "09"]
[TimeControl "180+1"]
[Date "2022.02.15"]
[WhiteClock "0:00:16"]
[BlackClock "0:00:04"]

1. e4 c5 2. Nf3 g6 3. c3 d5 4. e5 d4 5. Bc4 Nc6 6. h3 Bg7 7. Qe2 Qc7 8. e6 fxe6 9. Bxe6 Bxe6 10. Qxe6 Nf6 11. d3 Qd7 12. Qxd7+ Kxd7 13. Na3 Nd5 14. c4 Ndb4 15. Ke2 e5 16. Ng5 Ne7 17. Bd2 a5 18. Ne4 b6 19. Nb5 Rhf8 20. a3 Nbc6 21. Rhb1 Nf5 22. b4 axb4 23. axb4 cxb4 24. Rxa8 Rxa8 25. Bxb4 Ra2+ 26. Ke1 Bh6 27. Bd6 Na5 28. c5 bxc5 29. Nxc5+ Kc6 30. Ne4 Rc2 31. Bxe5 1-0


[Site "https://www.chess.com"]

[Event "Titled Tuesday Blitz February 15 Early 2022"]
[White "Komissarov, Alexey"]
[Black "Klinova, Masha"]
[WhiteFideId "4176545"]
[BlackFideId "2802015"]
[WhiteElo "2216"]
[BlackElo "2274"]
[Result "1-0"]
[Round "09"]
[TimeControl "180+1"]
[Date "2022.02.15"]
[WhiteClock "0:01:39"]
[BlackClock "0:01:55"]

1. e4 e5 2. Nf3 Nc6 3. Nc3 Bc5 4. Nxe5 Nxe5 5. d4 Bxd4 6. Qxd4 d6 7. f4 c5 8. Bb5+ Bd7 9. Qxd6 Nc6 10. Nd5 Nge7 11. Nc7+ Kf8 12. Nxa8 Qa5+ 13. Bd2 Qxb5 14. Qxd7 f5 15. Nc7 Qxb2 16. Qe8# 1-0


[Site "https://www.chess.com"]

[Event "Titled Tuesday Blitz February 15 Early 2022"]
[White "Kopylov, Alexander A."]
[Black "Jaferian, Koosha"]
[WhiteFideId "4164857"]
[BlackFideId "12507440"]
[WhiteElo "2436"]
[BlackElo "2027"]
[Result "1-0"]
[Round "09"]
[TimeControl "180+1"]
[Date "2022.02.15"]
[WhiteClock "0:00:19"]
[BlackClock "0:00:09"]

1. e4 c6 2. Nf3 d5 3. d3 g6 4. g3 Bg7 5. Bg2 e5 6. O-O Ne7 7. Re1 Qc7 8. exd5 cxd5 9. c4 dxc4 10. dxc4 O-O 11. Nc3 Nbc6 12. Nb5 Qb8 13. Be3 Be6 14. Qa4 h6 15. Rad1 Nf5 16. Bc5 Rd8 17. Nc3 Ncd4 18. Nd5 Bxd5 19. cxd5 b6 20. Ba3 Nxf3+ 21. Bxf3 Nd4 22. Bg2 b5 23. Qa5 Qb6 24. Qxb6 axb6 25. Be7 Rd7 26. d6 Rxa2 27. Rxd4 exd4 28. Bc6 Raa7 29. Bxb5 Bf8 30. Bxd7 Rxd7 31. Re4 f5 32. Re5 Kf7 33. Bxf8 Kxf8 34. Rd5 Kf7 35. Rxd4 Ke6 36. Kg2 Rxd6 37. Rb4 g5 38. Kf3 Kd7 39. Ke3 Ke6 40. Rb5 Kf6 41. h3 Ke6 42. g4 f4+ 43. Ke4 Kf6 44. f3 Ke6 45. h4 Kf6 46. Rf5+ Kg6 47. h5+ Kg7 48. Rb5 Kf7 49. Ke5 Ke7 50. Kf5 Rf6+ 51. Ke5 Rc6 52. Rb4 Re6+ 53. Kf5 Rf6+ 54. Ke5 Re6+ 55. Kd5 Re3 56. Rxb6 Rxf3 57. Rxh6 Rg3 58. Rh7+ Kf6 59. Rh6+ Kg7 60. Rg6+ Kf7 61. Rxg5 f3 62. h6 Rg2 63. Rf5+ Kg6 64. Rxf3 Rxb2 65. Rh3 Rb7 66. Ke5 Rh7 67. Kf4 Rxh6 68. Rxh6+ Kxh6 69. Kf5 Kg7 70. Kg5 Kh7 71. Kf6 Kg8 72. Kg6 Kh8 73. g5 Kg8 74. Kh6 Kh8 75. g6 1-0


[Site "https://www.chess.com"]

[Event "Titled Tuesday Blitz February 15 Early 2022"]
[White "Kovanova, Baira"]
[Black "Papasimakopoulos, Alexandros"]
[WhiteFideId "4164083"]
[BlackFideId "4244125"]
[WhiteElo "2190"]
[BlackElo "2340"]
[Result "1-0"]
[Round "09"]
[TimeControl "180+1"]
[Date "2022.02.15"]
[WhiteClock "0:00:24"]
[BlackClock "0:00:50"]

1. e4 e6 2. d4 d5 3. Nd2 Be7 4. e5 c5 5. Ndf3 Nc6 6. Ne2 cxd4 7. Nexd4 f6 8. Bb5 Bd7 9. O-O fxe5 10. Bxc6 exd4 11. Bxd7+ Qxd7 12. Qxd4 Bf6 13. Qg4 e5 14. Nxe5 Qxg4 15. Nxg4 Kf7 16. Rd1 Ne7 17. Nxf6 Kxf6 18. Be3 a6 19. Bc5 Rhd8 20. Bxe7+ Kxe7 21. Rd2 Kd6 22. Rad1 Kc5 23. Rd4 a5 24. c4 Rac8 25. cxd5 Kd6 26. R4d2 a4 27. a3 Rc4 28. g3 g5 29. Kg2 b5 30. Re1 Kc5 31. d6 Rxd6 32. Re5+ Kc6 33. Rxd6+ Kxd6 34. Rxb5 h6 35. h3 Kc6 36. Rf5 Rc2 37. Ra5 Rc4 38. Ra6+ Kb7 39. Rxh6 Rc2 40. Rg6 Rxb2 41. Rxg5 Kb6 42. Rg4 Kb5 43. Rf4 Rb3 44. Rf3 Kc4 45. Rf4+ Kb5 46. Rf3 Kc4 47. h4 Rb1 48. h5 Rd1 49. g4 Kd5 50. h6 Ke6 51. h7 Rd8 52. g5 Rd5 53. g6 Rg5+ 54. Rg3 1-0


[Site "https://www.chess.com"]

[Event "Titled Tuesday Blitz February 15 Early 2022"]
[White "Kozin, Yuri"]
[Black "Bintang, Rasyid A. Hidayat"]
[WhiteFideId "4129920"]
[BlackFideId "7105355"]
[WhiteElo "2531"]
[BlackElo "2351"]
[Result "0-1"]
[Round "09"]
[TimeControl "180+1"]
[Date "2022.02.15"]
[WhiteClock "0:00:01"]
[BlackClock "0:01:37"]

1. e4 e5 2. Nf3 Nc6 3. Bb5 a6 4. Ba4 d6 5. c3 f5 6. exf5 Bxf5 7. d4 e4 8. Nfd2 d5 9. Nf1 Nf6 10. Bg5 Be7 11. Ne3 Be6 12. c4 dxc4 13. Bxf6 Bxf6 14. Bxc6+ bxc6 15. Qa4 O-O 16. Qxc6 Qd7 17. Qxe4 Bf5 18. Qxf5 Qxd4 19. Nc3 Qxe3+ 20. fxe3 Bxc3+ 21. Ke2 Rxf5 22. bxc3 Raf8 23. Rhf1 Rxf1 24. Rxf1 Rxf1 25. Kxf1 Kf7 26. Kf2 Ke6 27. Kf3 Kf5 28. g4+ Ke5 29. h4 g6 30. e4 c6 31. Ke3 c5 32. Kf3 a5 33. a4 h6 34. g5 h5 35. Ke3 Kd6 36. Kf4 Ke6 37. Ke3 Ke5 38. Kf3 Kd6 39. Kf4 Ke6 40. e5 Kd5 41. e6 Kxe6 42. Ke4 Kd6 43. Kf4 Ke6 44. Ke4 Kd6 45. Kf4 Kd5 46. Ke3 Ke5 47. Kf3 Kf5 48. Ke3 Kg4 49. Ke4 Kxh4 0-1


[Site "https://www.chess.com"]

[Event "Titled Tuesday Blitz February 15 Early 2022"]
[White "Krysa, Leandro"]
[Black "Ferreira, Vitor Hugo Vieira"]
[WhiteFideId "116807"]
[BlackFideId "2119765"]
[WhiteElo "2490"]
[BlackElo "2216"]
[Result "1/2-1/2"]
[Round "09"]
[TimeControl "180+1"]
[Date "2022.02.15"]
[WhiteClock "0:00:05"]
[BlackClock "0:00:19"]

1. e4 c5 2. Nf3 d6 3. d4 cxd4 4. Nxd4 Nf6 5. Nc3 a6 6. Bg5 e6 7. Qd2 h6 8. Bxf6 Qxf6 9. O-O-O Bd7 10. f4 Nc6 11. Nf3 Qd8 12. f5 Be7 13. Bc4 O-O 14. g4 Kh8 15. Kb1 b5 16. Bb3 Na5 17. e5 Nxb3 18. axb3 exf5 19. exd6 Bf6 20. gxf5 Bxf5 21. Nd4 Bh7 22. Qf4 b4 23. Nd5 Bg5 24. Qg3 Bh4 25. Qf4 Bg5 26. Qg3 Bh4 27. Qg4 Qxd6 28. Nf5 Bxf5 29. Qxf5 a5 30. Rhg1 Qxh2 31. Qg4 Bg5 32. Rh1 Qe5 33. Rh5 f6 34. Rh3 Rfd8 35. Rhd3 a4 36. bxa4 Rxa4 37. Nxf6 Bxf6 38. Rxd8+ Bxd8 39. Rxd8+ Kh7 40. Qd1 Ra7 41. Qd3+ g6 42. Rd7+ Rxd7 43. Qxd7+ Qg7 44. Qd6 h5 45. Qxb4 g5 46. Qe4+ Qg6 47. Qe7+ Kh6 48. Qf8+ Qg7 49. Qf5 g4 50. Qf4+ Kh7 51. Qf5+ Qg6 52. Qd7+ Kh6 53. Qd2+ Qg5 54. Qd6+ Kh7 55. Qd7+ Qg7 56. Qd3+ Kh6 57. Qe3+ Qg5 58. Qe6+ Qg6 59. Qe3+ Kg7 60. Qe7+ Qf7 61. Qe5+ Kg6 62. Qe4+ Kg5 63. Qe3+ Qf4 64. Qe7+ Qf6 65. Qe3+ Kh4 66. Qe4 Qf1+ 67. Ka2 Qa6+ 68. Kb3 Qb5+ 69. Ka2 Qa5+ 70. Kb1 Kg3 71. Qe3+ Kh4 72. Qf2+ g3 73. Qf4+ Kh3 74. Qf1+ g2 75. Qf3+ Kh2 76. Qf4+ Kg1 77. Qe3+ Kf1 78. Qf3+ Kg1 79. Qe3+ Kh2 80. Qf4+ Kh3 81. Qf3+ Kh2 82. Qf4+ 1/2-1/2


[Site "https://www.chess.com"]

[Event "Titled Tuesday Blitz February 15 Early 2022"]
[White "Kucuksari, Kaan"]
[Black "Vitiugov, Nikita"]
[WhiteFideId "6380166"]
[BlackFideId "4152956"]
[WhiteElo "2305"]
[BlackElo "2673"]
[Result "0-1"]
[Round "09"]
[TimeControl "180+1"]
[Date "2022.02.15"]
[WhiteClock "0:00:07"]
[BlackClock "0:00:04"]

1. d4 Nf6 2. c4 g6 3. g3 Bg7 4. Bg2 O-O 5. Nc3 c5 6. Nf3 d6 7. d5 e6 8. O-O exd5 9. cxd5 Re8 10. Bf4 a6 11. a4 Bf5 12. Nh4 Bg4 13. h3 Bc8 14. Nf3 Nh5 15. Bg5 Qc7 16. e4 Nd7 17. Nd2 Rb8 18. Rc1 Ne5 19. Qe2 h6 20. Be3 b5 21. b4 c4 22. a5 Nd3 23. Nxb5 Nxc1 24. Rxc1 axb5 25. g4 Nf6 26. Bd4 Nd7 27. Bxg7 Kxg7 28. Nb1 Ne5 29. Nc3 Qe7 30. Qe3 g5 31. Ne2 Nd3 32. Rb1 Qe5 33. Ng3 Nf4 34. Bf1 Bd7 35. Rc1 Rec8 36. h4 Kg8 37. f3 f6 38. Nh1 gxh4 39. Nf2 Kg7 40. Bh3 Nxd5 41. Qd2 Nf4 42. Bf1 c3 43. Qe3 Be6 44. Qa7+ Bf7 45. Qe3 c2 46. a6 Rc3 47. a7 Ra8 48. Qb6 Rxf3 49. Qb7 Rg3+ 50. Kh1 Re8 51. a8=Q Rxa8 52. Qxa8 Qd4 53. Rxc2 Qe3 54. e5 Bd5+ 55. Qxd5 Nxd5 56. exf6+ Nxf6 57. Rc7+ Kf8 58. Rc8+ Ne8 59. Rc7 Qf3+ 0-1


[Site "https://www.chess.com"]